 Dungeon Crawl Stone Soup version 0.27-a0-287-gd4424db430 (webtiles) character file.

Game seed: 2746161872733921794

4146 kae the Grappler (level 10, 0/99 HPs)
             Began as a White Draconian Transmuter on Feb 8, 2021.
             Was a Priest of Ru.
             Slain by a yak (15 damage)
             ... on level 9 of the Dungeon.
             The game lasted 00:09:25 (11257 turns).

kae the Grappler (White Draconian Transmuter)      Turns: 11257, Time: 00:09:26

Health: 0/99       AC:  6    Str: 16    XL:     10   Next: 7%
Magic:  16/18      EV: 13    Int: 14    God:    Ru [***...]
Gold:   366        SH:  0    Dex: 17    Spells: 6/19 levels left

rFire    x . .     SeeInvis .     - Unarmed
rCold    + + +     Faith    .   (shield currently unavailable)
rNeg     . . .     Spirit   .   (armour unavailable)
rPois    +         Reflect  .   (helmet currently unavailable)
rElec    .         Harm     .   (cloak currently unavailable)
rCorr    .         Rampage  .   (gloves currently unavailable)
Will     .....                  (boots currently unavailable)
Stlth    ++........             (no amulet)
HPRegen  0.26/turn              o - ring of poison resistance
MPRegen  0.16/turn              q - +6 ring of dexterity

@: ice-form, no scrolls
A: large, (breathe frost), unfitting armour, inability to read while threatened,
inability to use devices, AC +7
a: End Transformation, Renounce Religion, Draw Out Power


You were on level 9 of the Dungeon.
You worshipped Ru.
Ru was most pleased with you.
You were a creature of crystalline ice.
You visited 2 branches of the dungeon, and saw 10 of its levels.
You also visited: Sewer.

You collected 433 gold pieces.
You spent 67 gold pieces at shops.

Inventory:

Armour
 j - a +0 cloak
 k - a +1 pair of boots (melded)
 v - the +1 cloak "Mixkoaf" (melded) {rPois}
   (You found it on level 4 of the Dungeon)

   It protects you from poison.
Jewellery
 o - a ring of poison resistance (left front paw)
 q - a +6 ring of dexterity (right front paw)
 E - an uncursed ring of resist corrosion {unknown}
Scrolls
 e - 4 scrolls of remove curse
 g - 2 scrolls of enchant armour
 m - a scroll of amnesia
 t - 5 scrolls of enchant weapon
 x - 2 scrolls of fear
 y - 3 scrolls of identify
 z - 2 scrolls of fog
 A - 3 scrolls of teleportation
Potions
 a - 2 potions of might
 b - 2 potions of cancellation
 c - 4 potions of berserk rage
 d - 3 potions of heal wounds
 h - a potion of brilliance
 i - 2 potions of magic
 n - a potion of mutation
 p - 5 potions of haste
 r - 9 potions of curing
 s - 3 potions of resistance
 u - a potion of invisibility
 D - 2 potions of ambrosia {unknown}


   Skills:
 + Level 6.3 Fighting
 + Level 5.3 Dodging
 * Level 8.7 Unarmed Combat
 + Level 5.4 Spellcasting
 + Level 5.9 Transmutations
 * Level 4.7 Ice Magic
 - Level 1.0 Poison Magic


You had 6 spell levels left.
You knew the following spells:

 Your Spells              Type           Power        Failure   Level
a - Beastly Appendage     Tmut           40%          1%          1
b - Spider Form           Tmut/Pois      6%           12%         3
c - Ice Form              Ice/Tmut       18%          19%         4
d - Blade Hands           Tmut           10%          38%         5

Your spell library contained the following spells:

 Spells                   Type           Power        Failure   Level
 Wereblood                Tmut           20%          2%          2


Dungeon Overview and Level Annotations

Branches:
Dungeon (9/15)             Temple (1/1) D:5           Sewer (visited)
   Lair: D:8-11         Orc: D:9-12

Altars:
Ashenzari
Cheibriados
Dithmenos
Elyvilon
Fedhas
Gozag
Hepliaklqana
Kikubaaqudgha
Makhleb
Nemelex Xobeh
Okawaru
Qazlal
Ru
Sif Muna
Trog
Uskayaw
Vehumet
Wu Jian
Xom
Yredelemnul
Zin
The Shining One

Shops:
D:4 *(*   D:6 !   D:8 *


Innate Abilities, Weirdness & Mutations

((You can breathe waves of freezing cold.))
((You can buffet flying creatures when you breathe cold.))
((Your icy white scales are hard. (AC +7)))
You cannot fit into any form of body armour.
((Your flesh is cold resistant. (rC+)))
((You are cold-blooded and may be slowed by cold attacks.))
You cannot read scrolls while threatened.
You cannot study or use magical devices.


Message History

You are too injured to fight recklessly!
You are too injured to fight recklessly!
You pummel the yak!! You freeze the yak!
The yak is almost dead.
The yak gores you! x2; The ufetubus misses you.
The ufetubus barely misses you.
You barely miss the yak.
The yak is almost dead.
The yak gores you!
* * * LOW HITPOINT WARNING * * *
You focus your inner power and blind the yak in retribution!
The yak is stunned by your conviction and fails to attack.
You hit the yak. You freeze the yak.
The yak is almost dead.
The yak gores you!
* * * LOW HITPOINT WARNING * * *
The yak barely misses you. The yak gores you but does no damage.
The yak barely misses you.
There is a stone staircase leading up here.
The yak gores you!
You die...

#$#..###
#......##
#.......#
#...8...#
##.......#
##........#
####...Y.....#...
+.....Z.Y........
####.YY#.Y#..#...
##.5...# .#
##.......#
#..###.## #..# .#
#... # ##.## #.#
#.#


You could see 3 yaks, an ufetubus and a hound zombie.

Vanquished Creatures
  A two-headed ogre (D:6)
  Prince Ribbit (D:8)
  2 yaks (D:9)
  Eustachio (D:6)
  An orc warrior (D:6)
  2 sky beasts
  2 necrophages
  A centaur (D:8)
  4 ogres
  6 bullfrogs
  A scorpion (D:5)
  8 wights
  A howler monkey (D:8)
  2 quasits
  2 centaur zombies
  A gnoll shaman (D:6)
  3 hounds
  2 orc priests (D:4)
  A bullfrog skeleton (D:5)
  A centaur skeleton (D:8)
  Jessica (D:2)
  Natasha (twice) (D:2)
  2 iguanas
  7 orc wizards
  4 worker ants
  16 adders
  10 gnolls
  A white imp (D:9)
  An ufetubus (D:6)
  2 adder skeletons (D:4)
  A worm (D:2)
  2 dart slugs (D:1)
  6 leopard geckos
  37 orcs
  5 giant cockroaches
  15 goblins
  8 hobgoblins
  9 jackals
  2 quokkas
  13 ball pythons
  7 bats
  13 frilled lizards
  14 kobolds
  A leopard gecko skeleton (D:8)
  6 rats
228 creatures vanquished.

Vanquished Creatures (others)
  11 plants (Sewer)
11 creatures vanquished.

Grand Total: 239 creatures vanquished

Notes
Turn   | Place    | Note
-------+----------+-------------------------------------------
     0 | D:1      | kae the Draconian Transmuter began the quest for the Orb.
     0 | D:1      | Reached XP level 1. HP: 16/16 MP: 3/3
   355 | D:1      | Reached XP level 2. HP: 23/23 MP: 3/5
   893 | D:1      | Reached XP level 3. HP: 27/28 MP: 6/6
  1464 | D:2      | Reached XP level 4. HP: 36/36 MP: 5/7
  1618 | D:2      | Noticed Jessica
  1624 | D:2      | Killed Jessica
  1750 | D:2      | Noticed Natasha
  1764 | D:2      | Killed Natasha
  1765 | D:2      | Reached skill level 4 in Unarmed Combat
  1767 | D:2      | Reached XP level 5. HP: 33/42 MP: 8/8
  1896 | D:2      | Noticed Natasha
  1912 | D:2      | Killed Natasha
  1924 | D:2      | Learned a level 3 spell: Spider Form
  2112 | D:2      | Noticed a +0 hand axe
  2163 | D:2      | Noticed a +0 dagger
  2168 | D:2      | Found a hide-covered altar of Uskayaw.
  3754 | D:4      | Reached XP level 6. HP: 43/50 MP: 0/10
  4111 | D:4      | Found Ficapp's Assorted Antiques.
  4120 | D:4      | Bought a scroll labelled QODITT JIBLEINE for 25 gold pieces
  4242 | D:4      | Found Xoge's Antique Weapon Emporium.
  4387 | D:4      | Reached skill level 5 in Unarmed Combat
  4672 | D:4      | Your scales start taking on an icy white colour.
  4672 | D:4      | Reached XP level 7. HP: 52/57 MP: 7/12
  4672 | D:4      | Gained mutation: Your flesh is cold resistant. (rC+) [White
                  | Draconian growth]
  5171 | D:4      | Found Ikhaewk's General Store.
  5429 | D:4      | Got a shimmering cloak
  5440 | D:4      | Identified the +1 cloak "Mixkoaf" {rPois} (You found it on
                  | level 4 of the Dungeon)
  5819 | D:5      | Entered Level 5 of the Dungeon
  5822 | D:5      | Found a staircase to the Ecumenical Temple.
  5833 | D:4      | Learned a level 4 spell: Ice Form
  5839 | D:4      | Learned a level 5 spell: Blade Hands
  5963 | Temple   | Entered the Ecumenical Temple
  6171 | Temple   | Became a worshipper of Ru the Awakened
  6226 | D:5      | Reached skill level 6 in Unarmed Combat
  6533 | D:5      | Reached XP level 8. HP: 66/66 MP: 9/13
  7150 | D:5      | Reached skill level 1 in Ice Magic
  7494 | D:5      | Found a basalt altar of Yredelemnul.
  7853 | D:6      | Reached skill level 1 in Poison Magic
  7872 | D:6      | Gained mutation: You cannot read scrolls while threatened.
                  | [Ru sacrifice]
  7872 | D:6      | Reached * piety under Ru
  7931 | D:6      | Found a broken altar of Ashenzari.
  7953 | D:6      | Found a glowing drain.
  7973 | Sewer    | Entered a sewer
  8848 | D:6      | Reached skill level 7 in Unarmed Combat
  8857 | D:6      | Reached skill level 5 in Fighting
  9255 | D:6      | Found Nyil's Distillery.
  9269 | D:6      | Bought a potion of curing for 42 gold pieces
  9334 | D:6      | Found an opulent altar of Gozag.
  9334 | D:6      | Noticed Eustachio
  9343 | D:6      | Killed Eustachio
  9344 | D:6      | Reached skill level 5 in Transmutations
  9344 | D:6      | Reached XP level 9. HP: 74/74 MP: 11/15
  9385 | D:6      | Found a bloodstained altar of Trog.
  9443 | D:6      | Noticed a two-headed ogre
  9452 | D:6      | Killed a two-headed ogre
  9453 | D:6      | Reached skill level 8 in Unarmed Combat
  9457 | D:6      | Reached skill level 5 in Spellcasting
  9707 | D:7      | Reached skill level 5 in Dodging
  9795 | D:7      | Found a blossoming altar of Fedhas.
  9966 | D:7      | Found an iron altar of Okawaru.
 10205 | D:8      | Gained mutation: You cannot study or use magical devices.
                  | [Ru sacrifice]
 10205 | D:8      | Reached ** piety under Ru
 10205 | D:8      | Reached *** piety under Ru
 10257 | D:8      | Found Zin's Purification Station.
 10260 | D:8      | Found a glowing silver altar of Zin.
 10813 | D:8      | Noticed Prince Ribbit
 10823 | D:8      | Killed Prince Ribbit
 11245 | D:9      | Reached XP level 10. HP: 83/83 MP: 14/18
 11257 | D:9      | Slain by a yak

Illustrated notes

Levels and vault maps discovered:
D:1:      evilmike_arrival_fibonacci_small, layout_loops_ring,
          kennysheep_doodads, chequers_serial_rivers_marsh, fountainhead
D:2:      layout_loops_ring, dancing_weapons_uskayaw, uniq_jessica, uniq_natasha
D:3:      layout_loops_ring, st_stairs_9
D:4:      layout_layer_cave, serial_shops, nicolae_shop_stone, shop, shop,
          kennysheep_cluttered_room, minmay_snake_closets
D:5:      layout_layer_cave, kennysheep_little_box,
          minmay_temple_entry_offerings
D:6:      layout_rooms, lemuel_round_altar, grunt_temple_overflow_open,
          serial_shops, shop, cheibrodos_sewer_entry_sluice, uniq_eustachio
D:7:      layout_basic, general_overflow_altar, fedhas_altar_4
D:8:      layout_gridville, zin_purify, uniq_prince_ribbit1
D:9:      layout_loops_corners, serial_undead, serial_undead_a, serial_undead_c,
          serial_undead_f, serial_undead_d, hex_large
Temple:   regret_index_temple_waves

Skill      XL: |  1  2  3  4  5  6  7  8  9 |
---------------+----------------------------+-----
Dodging        | 2 3 4 5 |  5.3
Fighting       | 2 3 4 5 6 |  6.3
Unarmed Combat | 4 5 6 7 8 |  8.7
Transmutations | 3 4 5 |  5.9
Spellcasting   | 3 4 5 |  5.4
Ice Magic      | 3 4 |  4.7
Poison Magic   | 1 |  1.0

Action                   |  1- 3 |  4- 6 |  7- 9 | 10-12 || total
-------------------------+-------+-------+-------+-------++-------
Melee: Unarmed           |    98 |   205 |   364 |     8 ||   675
       Headbutt          |    14 |    12 |    20 |       ||    46
       Kick              |     9 |    23 |    28 |       ||    60
       Tailslap          |     5 |     9 |    17 |       ||    31
       Punch             |       |     4 |     5 |       ||     9
 Cast: Beastly Appendage |    18 |    31 |    23 |       ||    72
       Spider Form       |       |     5 |    21 |       ||    26
       Ice Form          |       |       |    16 |       ||    16
Invok: Sacrifice Words   |       |       |     1 |       ||     1
       Sacrifice Artific |       |       |     1 |       ||     1
 Abil: Breathe Frost     |       |       |     2 |       ||     2
  Use: Potion            |     1 |       |       |       ||     1
       Scroll            |     4 |    11 |     5 |       ||    20
 Stab: Sleeping          |       |       |     4 |       ||     4
       Distracted        |       |       |     2 |       ||     2
Armor: Skin              |    32 |    57 |    58 |     1 ||   148
Dodge: Dodged            |    59 |   146 |   271 |     4 ||   480

Table legend: (Time is in decaauts)
 A = Elapsed time spent in this place.
 B = Non-inter-level travel time spent in this place.
 C = Inter-level travel time spent in this place.
 D = Time resting spent in this place.
 E = Time spent auto-exploring this place.
 F = Levels seen in this place.
 G = Mean time per level.
                   A        B        C        D        E       F      G
               +--------+--------+--------+--------+--------+-----+--------+
         Total |  11341 |  10947 |    394 |    672 |   8651 |  11 | 1031.0 |
       Dungeon |  10314 |   9956 |    358 |    635 |   7804 |   9 | 1146.0 |
        Temple |    229 |    193 |     36 |     37 |    154 |   1 |  229.0 |
         Sewer |    796 |    796 |      0 |      0 |    692 |   1 |  796.0 |
               +--------+--------+--------+--------+--------+-----+--------+

Top non-repeatable levels by time:
     D:4: 2325 daAuts
     D:5: 1553 daAuts
     D:1: 1343 daAuts
     D:3: 1175 daAuts
     D:6: 1171 daAuts
     D:2: 1165 daAuts
     D:8: 1052 daAuts
   Sewer: 796 daAuts
     D:7: 505 daAuts
  Temple: 229 daAuts
     D:9: 23 daAuts
